 Dungeon Crawl Stone Soup version 0.32-a0-520-g344ed53f66 (webtiles) character file.

Game seed: 13142762603913640844

1234 Asceticacid the Basher (level 8, -1/40 HPs)
             Began as a Vine Stalker Fighter on Feb 27, 2024.
             Was a Believer of Makhleb.
             Slain by an ufetubus (3 damage)
             ... on level 4 of the Dungeon.
             The game lasted 00:03:51 (3260 turns).

Asceticacid the Basher (Vine Stalker Fighter)       Turns: 3260, Time: 00:03:52

Health: -1/40      AC:  6    Str: 19    XL:     8   Next: 48%
Magic:  0/10       EV:  9    Int:  8    God:    Makhleb [**....]
Gold:   209        SH:  5    Dex: 16    Spells: 7/7 levels left

rFire   . . .        a - +0 flail
rCold   . . .        c - +0 buckler
rNeg    + . .        b - +0 scale mail
rPois   .            (no helmet)
rElec   .            (no cloak)
rCorr   .            (no gloves)
SInv    .            (no boots)
Will    ++...        (no amulet) Stlth
                     n - ring of positive energy
HPRegen 1.06/turn    s - ring of willpower
MPRegen 0.12/turn

%: guardian spirit
@: no status effects
A: fangs 3, regeneration 1, magic shield, antimagic bite, no potion heal 2
a: Renounce Religion, Minor Destruction


You were on level 4 of the Dungeon.
You worshipped Makhleb.
Makhleb was pleased with you.
You visited 1 branch of the dungeon, and saw 5 of its levels.

You collected 209 gold pieces.

Inventory:

Hand Weapons
 a - a +0 flail (weapon)
Armour
 b - a +0 scale mail (worn)
 c - a +0 buckler (worn)
Jewellery
 i - a ring of ice
 n - a ring of positive energy (left hand)
 s - a ring of willpower (right hand)
Wands
 o - a wand of flame (16)
Scrolls
 e - 2 scrolls of vulnerability {unknown}
 g - 2 scrolls of enchant armour {unknown}
 h - 5 scrolls of identify {unknown}
 k - 3 scrolls of poison {unknown}
 m - a scroll of noise {unknown}
 q - 2 scrolls of teleportation {unknown}
 u - 2 scrolls of enchant weapon {unknown}
 w - a scroll of immolation {unknown}
Potions
 d - a potion of might
 f - 4 potions of curing {unknown}
 j - 2 potions of enlightenment {unknown}
 l - 4 potions of mutation {unknown}
 p - a potion of attraction {unknown}
 r - a potion of ambrosia {unknown}
 t - 2 potions of magic {unknown}
 v - a potion of berserk rage {unknown}
 x - a potion of brilliance {unknown}


   Skills:
 + Level 3.5 Fighting
 - Level 8.0 Maces & Flails
 * Level 3.6 Armour
 + Level 0.7 Dodging
 - Level 3.1 Shields
 * Level 1.5 Invocations


You had 7 spell levels left.
You didn't know any spells.
Your spell library contained the following spells:

 Spells                   Type           Power      Damage    Failure   Level
 Apportation              Tloc           0%         N/A       85%         1
 Necrotise                Necr           0%         1d4       85%         1
 Sting                    Conj/Alch      0%         1d3       85%         1
 Summon Small Mammal      Summ           0%         N/A       85%         1
 Ensorcelled Hibernation  Hex/Ice        0%         N/A       94%         2
 Passwall                 Erth           0%         N/A       99%         3
 Swiftness                Air            0%         N/A       99%         3


Dungeon Overview and Level Annotations

Branches:
Dungeon (5/15)
 Temple: D:4-7

Altars:
Cheibriados
Elyvilon
Makhleb
Nemelex Xobeh
Ru
Wu Jian
Xom
Zin

Annotations:
D:5 Edmund


Innate Abilities, Weirdness & Mutations

You have razor-sharp teeth.
Your natural rate of healing is unusually fast.
When hurt, damage is shared between your health and your magic reserves.
Your bite disrupts and absorbs the magic of your enemies.
Potions cannot restore your health.


Message History

* * * LOW HITPOINT WARNING * * *
The ufetubus hits you but does no damage.
The iguana attacks as it pursues you! The iguana completely misses you.
The ufetubus misses you.
The ufetubus hits you but does no damage.
The ufetubus slips past you!
The ufetubus hits you but does no damage.
The ufetubus barely misses you.
The ufetubus hits you but does no damage.
The ufetubus hits you.
* * * LOW HITPOINT WARNING * * *
The iguana attacks as it pursues you! The iguana barely misses you.
The ufetubus closely misses you. x2
There is a stone staircase leading up here.
You block the ufetubus's attack.
The ufetubus hits you but does no damage.
The iguana bites you.
* * * LOW HITPOINT WARNING * * *
You climb upwards.
There is a stone staircase leading down here.
You are too injured to fight recklessly!
You are too injured to fight recklessly!
You are too injured to fight recklessly!
You hit the iguana. You bite the iguana. You drain its power.
You feel invigorated.
The iguana is moderately wounded.
The ufetubus barely misses you. The ufetubus hits you.
* * * LOW HITPOINT WARNING * * *
The iguana bites you.
* * * LOW HITPOINT WARNING * * *
You block the ufetubus's attack. The ufetubus closely misses you.
You sock the iguana!
The iguana is severely wounded.
The ufetubus hits you. x2; The iguana bites you.
* * * LOW HITPOINT WARNING * * *
You hit the iguana but do no damage. Your bite misses the iguana.
The iguana is severely wounded.
The ufetubus hits you but does no damage.
The ufetubus hits you.
You die...

######## #......#
#..[...# #......#
#......# #......#
#...l..############
#....@.รท..........####
#.....5#..............
#############...#.####
###.#.# #.#.# #...###
##....## ##.#... #.####


You could see an iguana and an ufetubus.

Vanquished Creatures
  Sigmund (D:2)
  Eustachio (D:4)
  A water moccasin (D:5)
  3 black bears
  An ogre (D:4)
  Blork the orc (D:5)
  2 hounds
  3 orc priests (D:4)
  2 orc wizards (D:4)
  Natasha (thrice) (D:2)
  Terence (D:2)
  5 adders
  An ufetubus (D:5)
  A dart slug (D:3)
  10 orcs (D:4)
  7 bats
  4 endoplasms
  4 goblins
  10 hobgoblins
  6 jackals (D:1)
  3 quokkas
  4 ball pythons
  3 frilled lizards
  3 kobolds
  4 rats
84 creatures vanquished.

Notes
Turn   | Place    | Note
-------+----------+-------------------------------------------
     0 | D:1      | Asceticacid the Vine Stalker Fighter began the quest for
                  | the Orb.
     0 | D:1      | Reached XP level 1. HP: 11/11 MP: 2/2
   149 | D:1      | Reached XP level 2. HP: 12/16 MP: 0/3
   160 | D:1      | Reached skill level 2 in Maces & Flails
   459 | D:1      | Reached XP level 3. HP: 19/19 MP: 2/4
   756 | D:2      | Found a faded altar of an unknown god.
   762 | D:2      | Prayed at the altar of an unknown god.
   762 | D:2      | Became a worshipper of Makhleb the Destroyer
   762 | D:2      | Reached * piety under Makhleb
   827 | D:2      | Noticed Terence
   840 | D:2      | Killed Terence
   841 | D:2      | Reached XP level 4. HP: 16/24 MP: 1/5
   903 | D:2      | Found a shimmering altar of Xom.
   933 | D:2      | Noticed Natasha
   940 | D:2      | Killed Natasha
   941 | D:2      | Reached skill level 3 in Maces & Flails
   994 | D:2      | Noticed Sigmund
  1003 | D:2      | Killed Sigmund
  1004 | D:2      | Reached skill level 4 in Maces & Flails
  1004 | D:2      | Reached XP level 5. HP: 28/28 MP: 6/6
  1004 | D:2      | Reached XP level 6. HP: 32/32 MP: 7/7
  1097 | D:2      | Reached skill level 5 in Maces & Flails
  1136 | D:2      | Noticed Natasha
  1142 | D:2      | Killed Natasha
  1287 | D:2      | Noticed Natasha
  1293 | D:2      | Killed Natasha
  1911 | D:3      | Found a glowing silver altar of Zin.
  1966 | D:3      | Noticed a black bear
  1973 | D:3      | Killed a black bear
  1974 | D:3      | Reached XP level 7. HP: 23/36 MP: 4/8
  2064 | D:3      | Reached skill level 6 in Maces & Flails
  2134 | D:3      | Found a sparkling altar of Nemelex Xobeh.
  2137 | D:3      | Found a sacrificial altar of Ru.
  2221 | D:3      | Found an ornate altar of the Wu Jian Council.
  2223 | D:3      | Found a white marble altar of Elyvilon.
  2450 | D:4      | Reached ** piety under Makhleb
  2506 | D:4      | Found a snail-covered altar of Cheibriados.
  2677 | D:4      | Noticed Eustachio
  2697 | D:4      | Killed Eustachio
  2755 | D:4      | Reached skill level 7 in Maces & Flails
  2917 | D:4      | Gained mutation: You have razor-sharp teeth. [Vine Stalker
                  | growth]
  2917 | D:4      | Reached XP level 8. HP: 40/40 MP: 9/9
  2938 | D:4      | Reached skill level 8 in Maces & Flails
  2995 | D:5      | Entered Level 5 of the Dungeon
  3076 | D:5      | Noticed Blork the orc
  3104 | D:5      | Killed Blork the orc
  3105 | D:5      | Reached skill level 1 in Invocations
  3215 | D:5      | Noticed Edmund
  3259 | D:4      | HP: 1/40 [iguana (3)]
  3260 | D:4      | Slain by an ufetubus

Illustrated notes

Levels and vault maps discovered:
D:1:      tekkud_arrival_beachfront_property, layout_basic,
          hangedman_decor_riveting
D:2:      layout_basic, nicolae_ecumenical_pavilion, basic_altar,
          kennysheep_generic_room_10, uniq_sigmund, uniq_natasha, uniq_terence
D:3:      layout_rooms, nicolae_overflow_hidden_temple
D:4:      layout_basic, mainiacjoe_overflow_24_doors, uniq_eustachio
D:5:      layout_cave_pods, minmay_temple_entry_mini_moons, st_stairs_13,
          uniq_menkaure, uniq_edmund, uniq_blork_the_orc

Skill      XL: |  1  2  3  4  5  6  7  8 |
---------------+-------------------------+-----
Maces & Flails | 2 4 5 7 8 |  8.0
Shields        | 3 |  3.1
Fighting       | 3 |  3.5
Armour         | 3 |  3.6
Invocations    | 1 |  1.5
Dodging        | |  0.7

Action                     |  1- 3 |  4- 6 |  7- 9 || total
---------------------------+-------+-------+-------++-------
  Melee: Flail             |    76 |    70 |   135 ||   281
         Bite              |    12 |    13 |    36 ||    61
 Armour: Scale mail        |    70 |    50 |   184 ||   304
  Dodge: Dodged            |    51 |    35 |   107 ||   193
  Block: Buckler           |    26 |    17 |    49 ||    92

Table legend: (Time is in decaauts)
 A = Elapsed time spent in this place.
 B = Non-inter-level travel time spent in this place.
 C = Inter-level travel time spent in this place.
 D = Time resting spent in this place.
 E = Time spent auto-exploring this place.
 F = Levels seen in this place.
 G = Mean time per level.
                   A        B        C        D        E       F      G
               +--------+--------+--------+--------+--------+-----+--------+
         Total |   3311 |   3200 |    111 |     31 |   2382 |   5 |  662.2 |
       Dungeon |   3311 |   3200 |    111 |     31 |   2382 |   5 |  662.2 |
               +--------+--------+--------+--------+--------+-----+--------+

Top non-repeatable levels by time:
     D:2: 1096 daAuts
     D:1: 777 daAuts
     D:4: 691 daAuts
     D:3: 481 daAuts
     D:5: 263 daAuts
